 Dungeon Crawl Stone Soup version 0.29-a0-559-g359e09b9d1 (webtiles) character file.

Game seed: 14055998383431536895

21 Lekart the Skirmisher (level 2, -3/27 HPs)
             Began as a Draconian Abyssal Knight on June 10, 2022.
             Was a Believer of Lugonu.
             Killed by nerve-wracking pain
             ... invoked by Jessica
              (12 damage)
             ... on level 2 of the Dungeon.
             The game lasted 00:00:59 (1083 turns).

Lekart the Skirmisher (Draconian Abyssal Knight)    Turns: 1083, Time: 00:01:00

Health: -3/27      AC:  4    Str: 15    XL:     2   Next: 65%
Magic:  3/3        EV: 12    Int: 10    God:    Lugonu [**....]
Gold:   77         SH:  0    Dex: 11    Spells: 1/1 levels left

rFire   . . .      SeeInvis .   a - +1 falchion
rCold   . . .      Faith    .   (no shield)
rNeg    . . .      Spirit   .   (body armour unavailable)
rPois   .          Reflect  .   (helmet restricted)
rElec   .          Harm     .   (no cloak)
rCorr   .          Rampage  .   (no gloves)
Will    .....                   (no boots)
Stlth   +.........              (no amulet)
HPRegen 0.09/turn               (no ring)
MPRegen 0.08/turn               (no ring)

@: slowed, very slow
A: AC +4, unfitting armour, cold-blooded
a: Renounce Religion, Depart the Abyss, Bend Space


You were on level 2 of the Dungeon.
You worshipped Lugonu.
Lugonu was pleased with you.
You visited 1 branch of the dungeon, and saw 2 of its levels.
You visited the Abyss 1 time.

You collected 77 gold pieces.

Inventory:

Hand Weapons
 a - a +1 falchion (weapon)
Jewellery
 b - a +6 ring of intelligence
Scrolls
 c - a scroll of teleportation
 j - a scroll of identify {unknown}
Potions
 d - a potion of berserk rage {unknown}
 e - a potion of curing {unknown}
 f - 2 potions of brilliance {unknown}
 g - a potion of heal wounds {unknown}
 h - a potion of attraction {unknown}
 i - a potion of lignification {unknown}


   Skills:
 + Level 3.8 Fighting
 + Level 2.3 Long Blades
 + Level 2.3 Dodging
 * Level 2.2 Invocations


You had one spell level left.
You didn't know any spells.
Your spell library was empty.

Dungeon Overview and Level Annotations

Branches:
Dungeon (2/15)

Altars:

Annotations:
D:2 Jessica


Innate Abilities, Weirdness & Mutations

Your plain brown scales are hard. (AC +4)
You cannot fit into any form of body armour.
You are cold-blooded and may be slowed by cold attacks.


Message History

Jessica is nearby!
Jessica hits you but does no damage.
There is a stone staircase leading up here.
You closely miss Jessica. Jessica hits you but does no damage.
You closely miss Jessica. Jessica hits you with a +0 club. Jessica misses you.
You closely miss Jessica.
Your tail-slap misses Jessica.
Jessica misses you. Jessica hits you but does no damage.
You hit Jessica.
Jessica is lightly wounded.
Jessica misses you. Jessica hits you with a +0 club.
You closely miss Jessica. You tail-slap Jessica.
Jessica is heavily wounded.
Jessica hits you with a +0 club.
Jessica points at you and mumbles some strange words.
Pain shoots through your body!
You are too injured to fight recklessly!
You are too injured to fight recklessly!
You are too injured to fight recklessly!
You are too injured to fight recklessly!
You are too injured to fight recklessly!
You are too injured to fight recklessly!
You are too injured to fight recklessly!
You are too injured to fight recklessly!
You are too injured to fight recklessly!
You are too injured to fight recklessly!
You are too injured to fight recklessly!
You are too injured to fight recklessly!
You are too injured to fight recklessly!
You are too injured to fight recklessly!
You are too injured to fight recklessly!
You are too injured to fight recklessly!
You are too injured to fight recklessly!
You are too injured to fight recklessly!
You are too injured to fight recklessly!
You are too injured to fight recklessly!
You hit Jessica.
Jessica is severely wounded.
Jessica points at you and mumbles some strange words.
Pain shoots through your body!
You die...

.##. ........ .....
........ ..... .......†
#..(# ##.####.... .#....
....#.....
......#######.#...#.....
#.............#...#...##
#.....^.#######...#.....
.......@........#.#.....
#......@..........#.....
#####..............#'#..
...............#.#.#..
............#...#.#.#..
#.?..........#.....#.###
#?...........#....##.#
.............#....##.#
..............#.##.#


You could see Jessica.

Vanquished Creatures
  A dart slug (D:1)
  2 endoplasms (D:1)
  A goblin (D:2)
  3 hobgoblins
  A kobold (D:1)
  A quokka (D:1)
  2 ball pythons
  3 bats
  A frilled lizard (D:1)
  4 rats
19 creatures vanquished.

Notes
Turn   | Place    | Note
-------+----------+-------------------------------------------
     0 | Abyss:1  | Lekart the Draconian Abyssal Knight began the quest for the
                  | Orb.
     0 | Abyss:1  | Reached XP level 1. HP: 19/19 MP: 2/2
     2 | D:1      | Escaped the Abyss
   242 | D:1      | Reached XP level 2. HP: 22/26 MP: 3/3
   404 | D:1      | Reached ** piety under Lugonu
   715 | D:1      | Found a faded altar of an unknown god.
   715 | D:1      | Noticed a chaos spawn
  1075 | D:2      | Noticed Jessica
  1083 | D:2      | Killed from afar by Jessica

Illustrated notes

Levels and vault maps discovered:
D:1:      minmay_arrival_three_doors, layout_rooms,
          dreamdust_ecumenical_altar_sealed_demon, serial_forest,
          infiniplex_forest_clump_double, infiniplex_forest_clump_C,
          infiniplex_forest_lined_room_, infiniplex_forest_fountain,
          infiniplex_forest_straight_2, infiniplex_forest_clump_diagonal,
          infiniplex_forest_clump_curved, infiniplex_forest_clump_small,
          infiniplex_forest_lined_room_3
D:2:      layout_basic, basic_altar, minmay_misc_feat_nine_boxes, uniq_jessica

Action                   || total
-------------------------++-------
Melee: Falchion          ||    55
       Tailslap          ||     5
Invok: Depart the Abyss  ||     1
  Use: Scroll            ||     2
Armor: Skin              ||    16
Dodge: Dodged            ||    44

Table legend: (Time is in decaauts)
 A = Elapsed time spent in this place.
 B = Non-inter-level travel time spent in this place.
 C = Inter-level travel time spent in this place.
 D = Time resting spent in this place.
 E = Time spent auto-exploring this place.
 F = Levels seen in this place.
 G = Mean time per level.
                   A        B        C        D        E       F      G
               +--------+--------+--------+--------+--------+-----+--------+
         Total |   1097 |   1076 |     21 |      0 |    915 |   3 |  365.7 |
       Dungeon |   1095 |   1074 |     21 |      0 |    915 |   2 |  547.5 |
         Abyss |      2 |      2 |      0 |      0 |      0 |   1 |    2.0 |
               +--------+--------+--------+--------+--------+-----+--------+

Top non-repeatable levels by time:
     D:1: 866 daAuts
     D:2: 228 daAuts
 Abyss:1: 2 daAuts
